 Dungeon Crawl Stone Soup version 0.21-a0-450-gd87a9b2 (webtiles) character file.

1537 Laiders the Basher (level 8, -3/64 HPs)
             Began as a Minotaur Fighter on Nov 19, 2017.
             Was a Believer of Zin.
             Slain by a slave (4 damage)
             ... led by Pikel
             ... on level 6 of the Dungeon.
             The game lasted 00:14:41 (4659 turns).

Laiders the Basher (Minotaur Fighter)               Turns: 4659, Time: 00:14:43

Health: -3/64      AC: 11    Str: 23    XL:     8   Next: 56%
Magic:  16/16      EV:  4    Int:  5    God:    Zin [**....]
Gold:   149        SH:  9    Dex: 10    Spells: 7/7 levels left

rFire    . . .     SeeInvis .   a - +0 flail
rCold    . . .     Gourm    .   c - +0 shield
rNeg     . . .     Faith    .   w - +0 plate armour
rPois    .         Spirit   .   (helmet restricted)
rElec    .         Reflect  .   (no cloak)
rCorr    .         Harm     .   (no gloves)
MR       .....                  (no boots)
Stlth    ..........             (no amulet)
HPRegen  0.20/turn              h - ring of magical power
MPRegen  0.15/turn              x - ring of wizardry

@: no status effects
A: retaliatory headbutt, horns 2
a: Recite, Vitalisation, Donate Gold, Renounce Religion


You were on level 6 of the Dungeon.
You worshipped Zin.
Zin was pleased with you.
You were hungry.

You visited 1 branch of the dungeon, and saw 6 of its levels.

You collected 186 gold pieces.
You donated 37 gold pieces to Zin.

Inventory:

Hand Weapons
 a - a +0 flail (weapon)
Armour
 c - a +0 shield (worn)
 w - a +0 plate armour (worn)
Jewellery
 h - a ring of magical power (left hand)
 x - a ring of wizardry (right hand)
Wands
 k - a wand of acid (7/15)
Scrolls
 e - 2 scrolls of identify
 i - a scroll of blinking
 j - a scroll of amnesia {unknown}
 l - a scroll of magic mapping
 p - 2 scrolls of teleportation {unknown}
 s - 3 scrolls of remove curse
 u - a scroll of recharging {unknown}
 v - a scroll of random uselessness {unknown}
Potions
 b - a potion of flight {unknown}
 g - a potion of curing
 m - a potion of haste {unknown}
 o - a potion of invisibility {unknown}
 q - a potion of brilliance {unknown}
 r - a potion of agility {unknown}
 t - 2 potions of heal wounds {unknown}
Comestibles
 d - a royal jelly
 f - 5 bread rations
 n - a meat ration


   Skills:
 - Level 3.6 Fighting
 + Level 12.6 Maces & Flails
 - Level 3.6 Armour
 - Level 3.6 Shields


You had 7 spell levels left.
You didn't know any spells.

Dungeon Overview and Level Annotations

Branches:
Dungeon (6/15)
 Temple: D:4-7

Altars:
Ashenzari
Cheibriados
Fedhas
Makhleb
Nemelex Xobeh
Sif Muna
Vehumet
Xom
Zin

Annotations:
D:5 theanonym's ghost, novice HOMo
D:6 Pikel


Innate Abilities, Weirdness & Mutations

You reflexively headbutt those who attack you in melee.
You have a pair of horns on your head.


Message History

The howler monkey hits you. The slave hits you.
You miss Pikel.
Pikel is severely wounded.
Pikel barely misses you.
The slave hits you. x2; The howler monkey hits you.
* * * LOW HITPOINT WARNING * * *
You block the slave's attack.
You barely miss Pikel.
Pikel is severely wounded.
The slave hits you.
* * * LOW HITPOINT WARNING * * *
You block Pikel's attack. You block the slave's attack.
You block the howler monkey's attack. The slave hits you but does no damage.
It was a potion of curing.
You feel better. The slave barely misses you. You furiously retaliate!
You headbutt the slave! The slave hits you but does no damage.
Pikel hits you but does no damage.
You are electrocuted!
* * * LOW HITPOINT WARNING * * *
The howler monkey hits you but does no damage.
The slave hits you.
You die...

+.......# #...<...#
#.......# #......?#
#.......#
############.......#
...................#
......h.p..........#
......K@p..........#
.......pp..........#
##############'#.......#
+..............#.......#
#...........p..#.......#
##+###..##.##..#.......#
#...##..##.##..#(...>..#
#......p.......#.......#
#...........%..#.......#


You could see Pikel, 4 slaves and a howler monkey.

Vanquished Creatures
  The ghost of Laiders the Spear-Bearer, an amateur MfGl (D:4)
  An ice beast (D:5)
  A necrophage (D:4)
  2 phantoms (D:5)
  The ghost of namelastname112 the Chiller, an amateur FoIE (D:3)
  A bullfrog (D:4)
  A water moccasin zombie (D:5)
  A scorpion (D:6)
  2 howler monkeys (D:5)
  2 crimson imps
  A bullfrog zombie (D:5)
  2 jellies
  A centaur zombie (D:5)
  3 hounds (D:4)
  A gnoll shaman (D:5)
  A bullfrog skeleton (D:5)
  A centaur skeleton (D:4)
  An orc wizard (D:4)
  A worker ant (D:4)
  2 hound zombies (D:5)
  A hound skeleton (D:5)
  A howler monkey zombie (D:5)
  A worker ant zombie (D:5)
  5 gnolls
  4 adders
  An ooze (D:2)
  2 adder zombies (D:5)
  5 worms
  3 dart slugs
  5 leopard geckos
  8 orcs
  7 bats
  A giant cockroach (D:3)
  9 goblins
  6 hobgoblins
  8 jackals
  A quokka (D:5)
  7 frilled lizards
  4 kobolds
  A leopard gecko zombie (D:5)
  6 rats
113 creatures vanquished.

Notes
Turn   | Place    | Note
-------+----------+-------------------------------------------
     0 | D:1      | Laiders the Minotaur Fighter began the quest for the Orb.
     0 | D:1      | Reached XP level 1. HP: 19/19 MP: 0/0
   119 | D:1      | Reached skill level 3 in Maces & Flails
   285 | D:1      | Reached XP level 2. HP: 25/26 MP: 1/1
   376 | D:1      | Reached skill level 4 in Maces & Flails
   696 | D:2      | Reached XP level 3. HP: 31/31 MP: 2/2
   759 | D:2      | Found a glowing silver altar of Zin.
   785 | D:2      | Became a worshipper of Zin the Law-Giver
   799 | D:2      | Donated 19 gold pieces to Zin
   853 | D:2      | Found a shimmering altar of Xom.
   853 | D:2      | Found a blossoming altar of Fedhas.
   859 | D:2      | Found a burning altar of Makhleb.
   861 | D:2      | Found a shattered altar of Ashenzari.
   863 | D:2      | Found a snail-covered altar of Cheibriados.
  1094 | D:2      | Found a deep blue altar of Sif Muna.
  1101 | D:2      | Reached skill level 5 in Maces & Flails
  1371 | D:2      | Reached XP level 4. HP: 28/39 MP: 3/3
  1376 | D:2      | Reached * piety under Zin
  2124 | D:3      | Reached skill level 6 in Maces & Flails
  2244 | D:3      | Noticed namelastname112's ghost (amateur FoIE)
  2256 | D:3      | Killed namelastname112's ghost
  2256 | D:3      | Reached skill level 7 in Maces & Flails
  2256 | D:3      | Reached XP level 5. HP: 7/45 MP: 4/4
  2727 | D:4      | Noticed Laiders's ghost (amateur MfGl)
  2734 | D:4      | Killed Laiders's ghost
  2734 | D:4      | Reached skill level 8 in Maces & Flails
  2734 | D:4      | Reached XP level 6. HP: 51/51 MP: 5/5
  2905 | D:4      | Found a sparkling altar of Nemelex Xobeh.
  2920 | D:4      | Reached skill level 9 in Maces & Flails
  3142 | D:4      | Found a radiant altar of Vehumet.
  3226 | D:4      | Reached XP level 7. HP: 34/57 MP: 6/6
  3513 | D:5      | Entered Level 5 of the Dungeon
  3517 | D:5      | Noticed theanonym's ghost (novice HOMo)
  3622 | D:5      | Reached skill level 10 in Maces & Flails
  3640 | D:5      | Reached ** piety under Zin
  3666 | D:4      | Reached skill level 11 in Maces & Flails
  3968 | D:5      | Reached XP level 8. HP: 50/63 MP: 7/7
  4175 | D:5      | Reached skill level 12 in Maces & Flails
  4212 | D:5      | Got a serpentine jade amulet
  4213 | D:5      | Identified the amulet "Izxes" {Harm *Drain rC+} (You found it on level 5 of the Dungeon)
  4643 | D:6      | Noticed Pikel
  4659 | D:6      | HP: 1/64 [Pikel/whip of electrocution (15)]
  4659 | D:6      | Slain by a slave

Vault maps used:
D:1:      minmay_arrival_four_loops, minmay_crystal_room, solitary_fountain
D:2:      cheibrodos_old_hovel, old_standard_altar, old_standard_altar,
          chequers_temple_overflow_minitemple
D:3:      first_bread
D:4:      lemuel_crystal_altar, nemelex_xobeh_ov_fountains_minmay
D:5:      serial_undead, serial_undead_c, serial_undead_a, serial_undead_f,
          serial_undead_b
D:6:      kennysheep_mini_moat, overflow_temple_1_default,
          lemuel_temple_firewalk_b, uniq_pikel

Skill      XL: |  1  2  3  4  5  6  7  8 |
---------------+-------------------------+-----
Maces & Flails | 3 4 5 7 8 9 11 12 | 12.6
Fighting       | |  3.6
Armour         | |  3.6
Shields        | |  3.6

Action                   |  1- 3 |  4- 6 |  7- 9 || total
-------------------------+-------+-------+-------++-------
Melee: Flail             |    94 |   124 |   159 ||   377
       Headbutt          |    13 |    21 |    36 ||    70
Invok: Donate Gold       |     1 |       |       ||     1
       Recite            |       |       |     2 ||     2
  Use: Scroll            |       |     3 |     3 ||     6
       Potion            |       |     2 |     1 ||     3
  Eat: Chunk             |     1 |     5 |     1 ||     7
       Bread ration      |       |       |     1 ||     1
Armor: Chain mail        |    49 |    66 |    99 ||   214
       Scale mail        |     4 |       |       ||     4
       Plate armour      |       |       |    47 ||    47
Dodge: Dodged            |    28 |    24 |    52 ||   104
Block: Shield            |    59 |    56 |   131 ||   246

Table legend:
 A = Spawn XP
 B = Non-spawn XP
 C = Spawn XP percentage of total XP
 D = Spawn monster count
 E = Non-spawn monster count
 F = Spawn count percentage of total count
 G = Total turns spent on level
                    A         B        C        D         E        F      G
               +---------+---------+-------+---------+---------+-------+---------
         Total |       0 |    2197 |   0.0 |       0 |     113 |   0.0 |  4659
               +---------+---------+-------+---------+---------+-------+---------
           D:1 |       0 |      38 |   0.0 |       0 |      14 |   0.0 |   693
           D:2 |       0 |      66 |   0.0 |       0 |      21 |   0.0 |   882
           D:3 |       0 |     184 |   0.0 |       0 |      27 |   0.0 |  1081
           D:4 |       0 |     778 |   0.0 |       0 |      14 |   0.0 |  1221
           D:5 |       0 |     991 |   0.0 |       0 |      30 |   0.0 |   423
           D:6 |       0 |     140 |   0.0 |       0 |       7 |   0.0 |   359
               +---------+---------+-------+---------+---------+-------+---------
